 Dungeon Sprint DCSS version 0.31-a0-986-g5e6e4ef867 (webtiles) character file.

Game seed: 4846797559286415629

7 fozzywoppz the Insei (level 1, -2/17 HPs)
             Began as a Demonspawn Gladiator on Nov 6, 2023.
             Slain by a gnoll
             ... wielding a +0 spear
              (6 damage)
             ... in the Dungeon (Sprint IX: "|||||||||||||||||||||||||||||") on Nov 7, 2023.
             The game lasted 00:00:40 (68 turns).

fozzywoppz the Insei (Demonspawn Gladiator)           Turns: 68, Time: 00:00:41

Health: -2/17      AC:  4    Str: 14    XL:     1   Next: 83%
Magic:  1/1        EV: 12    Int:  9    God:
Gold:   0          SH:  0    Dex: 14    Spells: 0/0 levels left

rFire   . .          .
                       - Unarmed
rCold   . . .        (no shield)
rNeg    . . .        a - +0 leather armour
rPois   .            b - +0 helmet
rElec   .            (no cloak)
rCorr   .            (no gloves)
SInv    .            (no boots)
Will    .....        (no amulet)
Stlth   +            (no ring)
HPRegen 0.22/turn    (no ring)
MPRegen 0.07/turn

%: no teleportation
@: no status effects
A: no striking features
a: no special abilities


You were in the Dungeon.
You visited 1 branch

Inventory:

Missiles
 c - 3 throwing nets (quivered)
 d - a javelin
Armour
 a - a +0 leather armour (worn)
 b - a +0 helmet (worn)
Scrolls
 j - a scroll of blinking
Potions
 e - a potion of curing
 g - a potion of haste
 h - 2 potions of magic
 i - a potion of berserk rage


   Skills:
 + Level 2.7 Fighting
 + Level 2.4 Throwing
 + Level 3.2 Dodging
 + Level 3.2 Unarmed Combat


You couldn't memorise any spells.
You didn't know any spells.
Your spell library was empty.

Dungeon Overview and Level Annotations

Branches:
Dungeon (1/1)

Altars:


Message History

There is an open door here.
You barely miss the orc wizard.
The orc wizard hits you but does no damage.
You hit the orc wizard but do no damage.
Your punch misses the orc wizard. The orc wizard barely misses you.
You hit the orc wizard. You punch the orc wizard.
The orc wizard is heavily wounded.
The orc wizard closely misses you.
You hit the orc wizard but do no damage.
The orc wizard is heavily wounded.
The orc wizard closely misses you.
You closely miss the orc wizard.
The orc wizard is heavily wounded.
The orc wizard casts a spell.
The orc wizard flickers and vanishes!
Deactivating autopickup; reactivate with Ctrl-A.
You hit something.
You hear some strange, mumbled words.
A puff of flame appears from out of thin air!
The puff of flame hits you!
Ouch! That really hurt!
You hit something. Something hits you but does no damage.
You miss something.
You hear some strange, mumbled words.
A magic dart appears from out of thin air!
The magic dart hits you.
* * * LOW HITPOINT WARNING * * *
You feel much better.
The gnoll hits you from afar with a +0 spear.
Something hits you.
You closely miss something. Your punch misses something.
The gnoll hits you from afar with a +0 spear!
Ouch! That really hurt!
* * * LOW HITPOINT WARNING * * *
Something hits you but does no damage.
You hit something.
Reactivating autopickup.
You feel a bit more experienced.
The gnoll hits you from afar with a +0 spear.
You die... ▓▓▓▓▓▓▓▓▓▓▓▓▓▓▓▓▓▓ +WoWg)@....('...<▓ ▓▓▓▓▓▓▓▓▓▓▓▓▓▓▓▓▓▓

You could see 2 phantoms, a gnoll and an orc.

Vanquished Creatures
  An orc wizard (D)
  2 endoplasms (D)
  2 hobgoblins (D)
  A kobold (D)
6 creatures vanquished.

Notes
Turn   | Place    | Note
-------+----------+-------------------------------------------
     0 | D        | fozzywoppz the Demonspawn Gladiator began the quest for the
                  | Orb.
     0 | D        | Reached XP level 1. HP: 16/16 MP: 1/1
    56 | D        | Noticed a phantom
    56 | D        | Noticed a phantom
    56 | D        | Noticed an orc wizard
    68 | D        | Killed an orc wizard
    68 | D        | Slain by a gnoll

Illustrated notes

Levels and vault maps discovered:
D:        linesprint [early_d, line_temple, items_1, d_10, items_2, lair_1,
          lair_end, items_3, orc_1, orc_end, items_4, d_15, swamp_1, shoals_1,
          snake_1, spider_1, d_20, vaults_1, items_5, swamp_end, shoals_end,
          snake_end, spider_end, vaults_end, d_27, items_6, zot_1, zot_end,
          crypt_end, forest_end, elf_end, slime_end, tomb_end, abyss_end,
          pan_hell_end]

Skill      XL: |  1 |
---------------+----+-----
Throwing       | 2 |  2.4
Dodging        | 3 |  3.2
Unarmed Combat | 3 |  3.2
Fighting       | |  2.7

Action                     || total
---------------------------++-------
  Melee: Unarmed           ||    36
         Punch             ||     2
    Use: Potion            ||     1
 Armour: Leather armour    ||    15
  Dodge: Dodged            ||    16

Table legend: (Time is in decaauts)
 A = Elapsed time spent in this place.
 B = Non-inter-level travel time spent in this place.
 C = Inter-level travel time spent in this place.
 D = Time resting spent in this place.
 E = Time spent auto-exploring this place.
 F = Levels seen in this place.
 G = Mean time per level.
                   A        B        C        D        E       F      G
               +--------+--------+--------+--------+--------+-----+--------+
         Total |     66 |     66 |      0 |     16 |      0 |   1 |   66.0 |
       Dungeon |     66 |     66 |      0 |     16 |      0 |   1 |   66.0 |
               +--------+--------+--------+--------+--------+-----+--------+

Top non-repeatable levels by time:
       D: 66 daAuts
